Arrhythmia, neutral female human Tourist ---- |..| --.-- |..---- |.....| --....| |....-- |.....-- ... ..- ---....| .. ...-----...------.-- ......--.^....).[).... ...))))).|....-------- . ------.|..)(@.| |...(oooo-- |......ooo- ---...o.... |....--- --.--- --- Arrhythmia the Excursionist Experience level: 7 Strength: 15 Dexterity: 13 Constitution: 17 Intelligence: 10 Wisdom: 6 Charisma: 17 Health: 0(63) Energy: 21(21) AC: 1 Gold: 1464 Moves: 2796 Your Inventory: Coins $ - 1464 gold pieces Weapons a - 16 uncursed +2 darts (in quiver) e - 2 [uncursed +0] daggers m - a [blessed +0] dagger s - 8 [uncursed +0] throwing stars [shuriken] w - 13 [uncursed +0] darts E - an [uncursed +0] runed spear [elven] (weapon in hand) P - 2 cursed [-1] daggers Armor i - an [uncursed] +0 pair of hard shoes [iron] (being worn) j - an uncursed +0 Hawaiian shirt (being worn) n - a cursed +0 iron skull cap [orcish helm] (being worn) u - a [blessed] +2 scale mail (being worn) J - an [uncursed] burnt +0 cloak of displacement (being worn) Comestibles c - 3 uncursed food rations R - an [uncursed] tripe ration Scrolls v - 2 [uncursed] unlabeled scrolls [of blank paper] Potions g - a [blessed] steamy potion [of confusion] Rings p - an [uncursed] agate ring [of protection from shape changers] Wands o - an [uncursed] silver wand [of striking (0:6)] r - an [uncursed] wand of create monster [0:9] x - an [uncursed] wand of magic missile [0:5] Tools k - an uncursed expensive camera (0:46) l - an uncursed credit card C - 3 [uncursed tallow] candles M - an [uncursed] brass lantern (lit) V - an [uncursed +0] pick-axe Gems f - an [uncursed] gray stone [luckstone] q - an [uncursed] yellow gem [worthless glass] y - an [uncursed] white gem [worthless glass] D - 2 [uncursed] violet gems [worthless glass] I - an [uncursed] black gem [worthless glass] O - an [uncursed] yellow gem [citrine] S - 2 [uncursed] orange gems [worthless glass] W - an [uncursed] blue gem [sapphire] Spells known in the end: Name Level Category Fail Memory Your skills at the end: Fighting Skills Weapon Skills dart [Basic / Expert] Spellcasting Skills Final Attributes: You were piously aligned. Hunger level was 215. Your alignment was 23 / 23. Monster difficulty range was 1 - 7. Level difficulty was 7. You were telepathic. You were displaced. You were lucky (3). You had extra luck. Bad luck did not time out for you. Good luck did not time out for you. You are dead. Vanquished creatures: an orc shaman a yellow light a shrieker a gnome lord 2 elf zombies a paper golem a wax golem 3 giant ants a floating eye a kitten 5 dwarves 2 rothes a giant bat a monkey 3 iguanas an acid blob a hobbit 5 manes a cave spider 26 gnomes a garter snake 4 jackals 2 foxes 5 goblins 2 sewer rats 2 grid bugs 4 lichens 4 kobold zombies 4 newts 87 creatures vanquished. Voluntary challenges: You were an atheist. You used a wielded weapon 72 times. You read items or engraved 148 times. You put on armor 7 times. You never genocided any monsters. You never polymorphed an object. You never changed form. You used no wishes. You wrote Elbereth's name 73 times. You never encountered a bones level. You never used any Sokoban shortcuts. Dungeon overview: The Dungeons of Doom: levels 1 to 4 Level 1 a long staircase Level 2 a fountain Level 4 a fountain stairs to The Gnomish Mines The Gnomish Mines: levels 5 to 7 Level 5 stairs to The Dungeons of Doom Level 7 <- You were here History has recorded: On T:1 you entered the Dungeons of Doom to retrieve the Amulet of Yendor! On T:386 you advanced to experience level 2. On T:687 you reached level 2 of The Dungeons of Doom. On T:763 you advanced to experience level 3. On T:1070 you reached level 3 of The Dungeons of Doom. On T:1187 you advanced to experience level 4. On T:1587 you advanced to experience level 5. On T:1612 you reached level 4 of The Dungeons of Doom. On T:1904 you reached level 1 of The Gnomish Mines. On T:1995 you advanced to experience level 6. On T:2645 you reached level 3 of The Gnomish Mines. On T:2657 you advanced to experience level 7. Latest messages: [HP+1=18] [HP+1=19] It is hit. The hill orc hits! The hill orc picks up a crude dagger. [HP-1=18] The hill orc blocks your way. (24x) You miss the hill orc. The hill orc zaps a wand of magic missile! The magic missile hits the hill orc! (2x) The magic missile hits the hill orc. The hill orc wields a curved sword! The hill orc hits! The hill orc strikes at your displaced image and misses you! The hill orc hits! The hill orc wields a crude dagger! The hill orc wields a curved sword! [HP-8=10] You hit the hill orc. You miss the hill orc. The hill orc zaps a wand of magic missile! The magic missile hits the hill orc! The magic missile hits you! You hear the howling of the CwnAnnwn... The magic missile bounces! The magic missile hits you! You die... Final status: Aloha Arrhythmia the Tourist... You died in The Gnomish Mines on dungeon level 7 with 2878 points, and 1464 pieces of gold, after 2796 moves. You were level 7 with a maximum of 63 hit points when you died.